 Dungeon Crawl Stone Soup version 0.32-a0-968-g61e5eb5241 (webtiles) character file.

Game seed: 816926990172235404

67951 Gargoyl the Severer (level 15, -3/80 HPs)
             Began as a Gargoyle Berserker on Apr 18, 2024.
             Was a Priest of Trog.
             Slain by a lorocyproca (21 damage)
             ... on level 2 of the Abyss.
             The game lasted 00:29:52 (19719 turns).

Gargoyl the Severer (Gargoyle Berserker)           Turns: 19719, Time: 00:29:53

Health: -3/80      AC: 35    Str: 19    XL:     15   Next: 24%
Magic:  0/15       EV:  7    Int: 12    God:    Trog [***...]
Gold:   997        SH:  5    Dex: 14    Spells: 14/14 levels left

rFire   + + .        G - +5 hand axe
rCold   x x .        K - +0 buckler
rNeg    + . .        I - +1 plate armour {rF+}
rPois   ∞            (helmet restricted)
rElec   +            f - +0 cloak
rCorr   +            h - +2 pair of gloves
SInv    .            r - +0 pair of boots
Will    +....        (no amulet) Stlth
                     u - +4 ring of slaying
HPRegen 0.33/turn    q - ring of resist corrosion
MPRegen 0.14/turn

%: no passive effects
@: on berserk cooldown, flying, slowed, very slow
A: sickness immunity, AC +11, big wings, negative energy resistance 1,
electricity resistance, torment resistance 1, petrification resistance, horns 2,
clever 1, fire resistance 1, [frail 2], [screaming 2], [weak 1], [cold
vulnerability 2]
a: Renounce Religion, Berserk, Trog's Hand


You were on level 2 of the Abyss.
You worshipped Trog.
Trog was most pleased with you.
You visited 2 branches of the dungeon, and saw 18 of its levels.
You visited the Abyss 1 time.

You collected 1153 gold pieces.
You spent 156 gold pieces at shops.

Inventory:

Hand Weapons
 j - a +0 long sword of flaming
 A - a +3 hand axe
 G - a +5 hand axe (weapon)
 L - a +1 broad axe
Missiles
 e - 65 poisoned darts (quivered)
 s - 3 throwing nets
Armour
 c - a +2 helmet
 f - a +0 cloak (worn)
 h - a +2 pair of gloves (worn)
 r - a +0 pair of boots (worn)
 I - a +1 plate armour of fire resistance (worn)
 K - a +0 buckler (worn)
Jewellery
 o - a +5 ring of evasion
 q - a ring of resist corrosion (right hand)
 u - a +4 ring of slaying (left hand)
 w - a +6 ring of strength
 C - a +6 ring of intelligence
Wands
 a - a wand of flame (20)
 i - a wand of paralysis (10)
 t - a wand of quicksilver (12)
 F - a wand of mindburst (42)
Scrolls
 b - 2 scrolls of revelation
 k - 5 scrolls of fear
 m - 5 scrolls of teleportation
 p - a scroll of torment
 y - 2 scrolls of summoning
 B - 3 scrolls of identify
 D - a scroll of fog
 J - 3 scrolls of poison
Potions
 d - 7 potions of curing
 g - 4 potions of magic
 l - 5 potions of haste
 n - 3 potions of might
 v - a potion of berserk rage
 x - a potion of heal wounds
 z - a potion of enlightenment
 E - a potion of resistance
 H - a potion of ambrosia


   Skills:
 + Level 14.9 Fighting
 + Level 2.0 Long Blades
 + Level 15.6 Axes
 + Level 14.3 Armour
 + Level 5.3 Dodging
 + Level 1.9 Stealth
 + Level 7.0 Shields


You had 14 spell levels left.
You didn't know any spells.
Your spell library was empty.

Dungeon Overview and Level Annotations

Branches:
Dungeon (13/15)            Temple (0/1) D:6            Lair (5/5) D:10
 Shoals (0/4) Lair:3        Snake (0/4) Lair:2        Slime (0/5) Lair:5
    Orc (0/2) D:10
 Vaults: D:13-14

Altars:
Ashenzari
Elyvilon
Fedhas
Hepliaklqana
Okawaru
Beogh
Jiyva
Lugonu

Shops:
D:11 (

Portals:
Abyss: Lair:5

Annotations:
Lair:5 exclusion: 5 oklob plants


Innate Abilities, Weirdness & Mutations

You are immune to sickness and miasma.
Your stone body is resilient. (AC +11)
You are immune to poison.
Your large and strong wings let you fly.
You resist negative energy. (rN+)
You are resistant to electric shocks. (rElec)
You are resistant to unholy torment.
You are immune to petrification.
You have a pair of horns on your head.
Your mind is acute. (Int +4, Str/Dex -1)
Your flesh is heat resistant. (rF+)
[You are very frail. (-20% HP)]
[You frequently scream uncontrollably at your foes.]
[You are weak. (Str -2)]
[You are very vulnerable to cold. (rC--)]


Message History

You headbutt the glowing orange brain!
The glowing orange brain is lightly wounded.
You slash the raiju!
You hit the large abomination but do no damage.
A starcursed mass splits.
The raiju closely misses you.
Unknown command.
You slash the glowing orange brain! You headbutt the glowing orange brain.
The glowing orange brain is heavily wounded.
You miss something. You hit the large abomination. You closely miss the raiju.
The large abomination hits you but does no damage.
Unknown command.
You slash the glowing orange brain! You headbutt the glowing orange brain!
The glowing orange brain is almost dead.
You hit the raiju but do no damage. You hit something but do no damage.
You hit the large abomination but do no damage.
The raiju bursts into living lightning!
The living lightning misses you.
The raiju blinks!
Something hits you!!
You feel your power leaking away.
Deactivating autopickup; reactivate with Ctrl-A.
The large abomination completely misses you.
You slash the glowing orange brain!
You headbutt the glowing orange brain, but do no damage.
The glowing orange brain is almost dead.
You hit something.
You hit the large abomination but do no damage.
You hit the raiju.
The starcursed mass shrieks in your mind.
The raiju bites you but does no damage. Something hits you!
You feel your power leaking away.
The large abomination barely misses you.
The glowing orange brain pulsates.
Something gnaws heavily on your mind!
* * * LOW HITPOINT WARNING * * *
You feel much better. The raiju barely misses you. Something hits you!!
* * * LOW HITPOINT WARNING * * *
The large abomination hits you but does no damage.
A chorus of shrieks assaults your mind.
* * * LOW HITPOINT WARNING * * *
Something hits you!!
You die... ......... ##.. ........ . ....
XX....

.. .....
..... ...
#...##
...###..
#.... .....#
# ..###h..##
#.....#G@X..#
#...###...#
#.### ##
##.## .
##†..#
##...#.... ..
###...#
.....# #
..†.## .....
#.. ...#
.....


You could see 2 starcursed masses, a glowing orange brain, a large abomination
(summoned) and a raiju.

Vanquished Creatures
  Rupert (Lair:4)
  A balrug (Abyss:1)
  Nessos (D:12)
  The ghost of waddelsworth the Grappler, a journeyman TrSh of Trog (D:11)
  3 hydras
  3 boulder beetles
  A two-headed ogre (D:13)
  5 death yaks (Lair:5)
  3 thrashing horrors
  A wretched star (Abyss:2)
  2 sun demons (Abyss:1)
  5 skysharks
  Pikel (D:5)
  2 deep elf pyromancers (D:12)
  3 manticores
  2 ugly things (Lair:5)
  An oklob plant (Lair:5)
  2 cyclopes
  9 elephants
  4 black mambas
  Maggie (D:9)
  The ghost of Revguard the Shield-Bearer, a novice DsFi of Ru (D:5)
  15 cane toads
  A kobold demonologist (D:12)
  2 rime drakes (Lair:5)
  3 large abominations (Lair:5)
  8 komodo dragons
  3 ancient zymes (Abyss:2)
  2 trolls (D:12)
  4 polar bears
  2 hornets
  Grinder (D:4)
  The ghost of paps the Chopper, an amateur DsGl of Gozag (D:3)
  Prince Ribbit (D:5)
  A snapping turtle (Lair:3)
  19 blink frogs
  4 raiju
  The ghost of Conn the Sneak, an amateur OpFE (D:5)
  11 small abominations
  4 ynoxinuls
  A spriggan (shapeshifter) (Lair:5)
  A water elemental (Lair:3)
  A spriggan (Lair:5)
  A wraith (D:12)
  80 yaks
  A yak (shapeshifter) (Lair:5)
  Eustachio (D:6)
  8 basilisks
  3 vampire mosquitoes
  A steam dragon (D:6)
  2 chaos spawn
  A neqoxec (Abyss:2)
  3 acid dragons
  A naga (Lair:2)
  22 water moccasins
  7 orc warriors
  A black bear (D:4)
  A black bear (shapeshifter) (Lair:5)
  An ogre (D:4)
  6 centaurs
  2 weeping skulls (Abyss:2)
  A lemure (D:5)
  6 kobold brigands
  11 bullfrogs
  Blork the orc (D:4)
  3 gnoll sergeants
  10 wights
  3 scorpions
  2 jellies
  24 killer bees
  17 howler monkeys
  5 electric eels
  4 quasits (D:3)
  2 bombardier beetles
  2 hounds
  A gnoll bouda (D:8)
  8 orc priests
  5 starcursed masses (Abyss:2)
  3 iguanas
  4 sleepcaps
  12 orc wizards
  24 gnolls
  7 adders
  A shadow imp (D:7)
  2 white imps
  2 ufetubi (D:7)
  5 dart slugs
  A ribbon worm (D:3)
  35 orcs
  6 endoplasms
  2 giant cockroaches (D:5)
  7 goblins
  7 hobgoblins
  10 jackals
  4 quokkas
  9 ball pythons
  6 bats
  A frilled lizard (D:2)
  18 kobolds
  3 rats
555 creatures vanquished.

Vanquished Creatures (collateral kills)
  Harold (D:10)
  A yak (Lair:5)
  A dart slug (D:4)
  An orc (D:11)
  A kobold (D:4)
5 creatures vanquished.

Vanquished Creatures (others)
  A howler monkey (D:11)
  A kobold (D:9)
  2 foxfires (D:5)
4 creatures vanquished.

Grand Total: 564 creatures vanquished

Notes
Turn   | Place    | Note
-------+----------+-------------------------------------------
     0 | D:1      | Gargoyl the Gargoyle Berserker began the quest for the Orb.
     0 | D:1      | Reached XP level 1. HP: 14/14 MP: 1/1
    93 | D:1      | Reached XP level 2. HP: 17/19 MP: 2/2
   253 | D:1      | Reached skill level 3 in Axes
   560 | D:2      | Reached XP level 3. HP: 24/24 MP: 3/3
   641 | D:2      | Reached XP level 4. HP: 28/29 MP: 4/4
   706 | D:2      | Reached ** piety under Trog
  1260 | D:3      | Found a transporter.
  1286 | D:3      | Found a transporter.
  1290 | D:3      | Noticed paps's ghost (amateur DsGl)
  1804 | D:3      | Found a blossoming altar of Fedhas.
  2049 | D:3      | Reached skill level 4 in Axes
  2049 | D:3      | Reached XP level 5. HP: 33/33 MP: 5/5
  2059 | D:3      | Reached XP level 6. HP: 39/39 MP: 6/6
  2082 | D:3      | Killed paps's ghost
  2083 | D:3      | Reached skill level 5 in Axes
  2173 | D:4      | Reached XP level 7. HP: 44/44 MP: 7/7
  2244 | D:4      | Reached skill level 5 in Fighting
  2287 | D:4      | Noticed Blork the orc
  2303 | D:4      | Killed Blork the orc
  2450 | D:4      | Reached skill level 6 in Axes
  2513 | D:4      | Noticed Grinder
  2517 | D:4      | Paralysed by Grinder for 2 turns
  2527 | D:4      | Killed Grinder
  2528 | D:4      | Reached XP level 8. HP: 50/50 MP: 8/8
  2550 | D:4      | Identified the ring of Eternity {Fire ^Drain Str+2 Stlth+}
  3052 | D:5      | Entered Level 5 of the Dungeon
  3178 | D:5      | Found an iron altar of Okawaru.
  3363 | D:5      | Noticed Pikel
  3381 | D:5      | Killed Pikel
  3382 | D:5      | Reached skill level 7 in Axes
  3466 | D:5      | Reached skill level 5 in Armour
  3475 | D:5      | Found a runed translucent gate.
  3475 | D:5      | Found a runed translucent gate.
  3476 | D:5      | Found a runed translucent gate.
  3479 | D:5      | Noticed Revguard's ghost (novice DsFi)
  3479 | D:5      | Noticed Conn's ghost (amateur OpFE)
  3571 | D:5      | Reached XP level 9. HP: 55/55 MP: 9/9
  3831 | D:5      | Noticed Prince Ribbit
  3854 | D:5      | Killed Prince Ribbit
  3855 | D:5      | Reached skill level 8 in Axes
  4423 | D:5      | Killed Revguard's ghost
  4424 | D:5      | Reached skill level 1 in Stealth
  4427 | D:5      | Killed Conn's ghost
  4652 | D:6      | Found a staircase to the Ecumenical Temple.
  4707 | D:6      | Reached skill level 9 in Axes
  4892 | D:6      | Noticed a hornet
  4905 | D:6      | Killed a hornet
  4918 | D:6      | Noticed Eustachio
  4960 | D:6      | Killed Eustachio
  5237 | D:7      | Reached XP level 10. HP: 59/63 MP: 10/10
  6031 | D:8      | Reached *** piety under Trog
  6629 | D:8      | Reached skill level 10 in Axes
  6893 | D:8      | Found a broken altar of Ashenzari.
  7679 | D:8      | Reached XP level 11. HP: 50/69 MP: 11/11
  7790 | D:9      | Noticed Maggie
  7809 | D:9      | Killed Maggie
  7810 | D:9      | Reached skill level 11 in Axes
  7813 | D:9      | Reached **** piety under Trog
  7945 | D:9      | Noticed a catoblepas
  8052 | D:9      | Found a hazy altar of Hepliaklqana.
  8242 | D:10     | Entered Level 10 of the Dungeon
  8298 | D:10     | Found a white marble altar of Elyvilon.
  8532 | D:10     | Found a staircase to the Lair.
  9081 | D:10     | Found a staircase to the Orcish Mines.
  9506 | Lair:1   | Entered Level 1 of the Lair of Beasts
  9630 | Lair:1   | Found an iron altar of Okawaru.
  9644 | Lair:1   | Reached skill level 12 in Axes
 10010 | Lair:1   | HP: 4/108 [komodo dragon (11)]
 10552 | Lair:1   | Reached skill level 10 in Fighting
 10568 | Lair:1   | Reached skill level 10 in Armour
 10568 | Lair:1   | Reached XP level 12. HP: 43/77 MP: 12/12
 11121 | Lair:2   | Noticed a skyshark
 11130 | Lair:2   | Killed a skyshark
 11463 | Lair:2   | Found a staircase to the Snake Pit.
 11567 | Lair:2   | Gained mutation: Your mind is acute. (Int +4, Str/Dex -1)
                  | [potion of mutation]
 11567 | Lair:2   | Gained mutation: You have a pair of small horns on your
                  | head. [potion of mutation]
 11567 | Lair:2   | Gained mutation: Your flesh is heat resistant. (rF+)
                  | [potion of mutation]
 11567 | Lair:2   | Gained mutation: You have a pair of horns on your head.
                  | [potion of mutation]
 11590 | Lair:2   | Noticed a boulder beetle
 11630 | Lair:2   | Killed a boulder beetle
 11631 | Lair:2   | Reached skill level 1 in Shields
 12155 | Lair:3   | Reached skill level 13 in Axes
 12176 | Lair:3   | Noticed a seven-headed hydra
 12184 | Lair:3   | Killed a three-headed hydra
 12185 | Lair:3   | Reached skill level 5 in Dodging
 13046 | Lair:3   | Found a staircase to the Shoals.
 13120 | Lair:4   | Reached skill level 1 in Long Blades
 13141 | Lair:4   | Reached XP level 13. HP: 84/84 MP: 13/13
 13157 | Lair:4   | Reached skill level 14 in Axes
 13638 | Lair:4   | Noticed Rupert
 13656 | Lair:4   | Killed Rupert
 14336 | Lair:5   | Entered Level 5 of the Lair of Beasts
 14815 | Lair:5   | Identified the +6 ring mail of Sorcery {rPois Will+}
 14842 | Lair:5   | Gained mutation: Your large and strong wings let you fly.
                  | [Gargoyle growth]
 14842 | Lair:5   | Reached XP level 14. HP: 94/94 MP: 14/14
 14937 | Lair:5   | Reached skill level 15 in Axes
 14939 | Lair:5   | Reached skill level 5 in Shields
 15008 | Lair:5   | Found a corrupted altar of Lugonu.
 15008 | Lair:5   | Found a one-way gate to the infinite horrors of the Abyss.
 15998 | Lair:5   | Found a viscous altar of Jiyva.
 16000 | Lair:5   | Found a staircase to the Slime Pits.
 16726 | D:11     | Noticed Harold
 16861 | D:10     | Killed Harold
 17079 | D:11     | Found Boriwk's Antique Weapon Shop.
 17082 | D:11     | Bought a glowing war axe for 156 gold pieces
 17534 | D:11     | Found a runed translucent gate.
 17534 | D:11     | Noticed waddelsworth's ghost (journeyman TrSh)
 17535 | D:11     | Found a runed translucent gate.
 17536 | D:11     | Found a runed translucent gate.
 17783 | D:11     | Found a roughly hewn altar of Beogh.
 17823 | D:11     | Killed waddelsworth's ghost
 18453 | D:12     | Noticed Nessos
 18488 | D:12     | Killed Nessos
 18690 | D:12     | Reached XP level 15. HP: 47/101 MP: 15/15
 19357 | Abyss:1  | Cast into level 1 of the Abyss (gnoll sergeant)
 19409 | Abyss:1  | Noticed a balrug
 19457 | Abyss:1  | Killed a balrug
 19719 | Abyss:2  | Slain by a lorocyproca

Illustrated notes

Levels and vault maps discovered:
D:1:      grunt_arrival_lava_bath, layout_basic
D:2:      layout_basic, chequers_garden
D:3:      layout_loops_ring, fedhas_altar_2, gammafunk_ghost_stat_death,
          minmay_diced_spiral
D:4:      layout_loops_ring, grunt_ministairs_9, uniq_grinder,
          uniq_blork_the_orc
D:5:      layout_layer_cave, okawaru_metal_pillars_3, portal_sewer_entry_f,
          gammafunk_ghost_cemetery, uniq_pikel, uniq_prince_ribbit1
D:6:      layout_gridville, minmay_temple_entry_statues_fountains,
          uniq_eustachio
D:7:      layout_loops_cross
D:8:      layout_loops_corners, mainiacjoe_overflow_alcove_1, enter_bailey_2
D:9:      layout_rooms, nzn_hepliaklqana_mist_gate, lightli_corner_chamber,
          uniq_maggie
D:10:     layout_loops_corners, mainiacjoe_overflow_catwalk, dpeg_lair_monsters,
          orc_0_dummy, kennysheep_pointless_box, hangedman_decor_slide_cut,
          nicolae_titane
D:11:     layout_basic, serial_shops, nicolae_shop_behind_doors,
          biasface_ghost_orc_armoury, uniq_harold
D:12:     layout_loops_corners, uniq_nessos
D:13:     layout_layer_cave
Lair:1:   layout_misc_corridors, basic_altar
Lair:2:   layout_hall_layers, guppyfry_snake_entry_island,
          minmay_stone_trees_medium, grunt_forest_stairs_basic
Lair:3:   layout_cave_pods, minmay_shoals_entry_hut, serial_bayou_shore_b
Lair:4:   layout_loops_ring, serial_bayou_crossing, serial_bayou_shore_a,
          grunt_megastairs_4, uniq_rupert
Lair:5:   hellmonk_lair_end_abyssal_woods, layout_hall_layers,
          minmay_slime_entry_oklob_enclosed, serial_rivers,
          chequers_serial_rivers_room_b, chequers_serial_rivers_micro_b,
          chequers_serial_rivers_micro_e, chequers_serial_rivers_marsh,
          chequers_serial_rivers_room_a, chequers_serial_rivers_micro_d,
          dpeg_oklob_1
Abyss:2:  base: D:8, base:
D:13

Skill      XL: |  1  2  3  4  5  6  7  8  9 10 11 12 13 14 15 |
---------------+----------------------------------------------+-----
Axes           | 3 4 5 6 7 9 10 12 13 14 15 | 15.6
Dodging        | 2 3 4 5 |  5.3
Fighting       | 4 5 6 7 8 10 11 13 14 | 14.9
Armour         | 3 4 5 6 8 10 11 12 13 14 | 14.3
Stealth        | 1 |  1.9
Shields        | 1 4 6 7 |  7.0
Long Blades    | 1 2 |  2.0

Action                     |  1- 3 |  4- 6 |  7- 9 | 10-12 | 13-15 || total
---------------------------+-------+-------+-------+-------+-------++-------
  Melee: Hand axe          |    57 |   145 |   401 |   895 |   780 ||  2278
         Headbutt          |       |       |       |    38 |   246 ||   284
         Long sword        |       |       |       |     4 |     7 ||    11
  Throw: Dart              |       |       |       |     1 |       ||     1
 Invoke: Berserk           |     1 |     2 |    10 |    21 |    21 ||    55
         Trog's Hand       |       |     5 |     6 |     6 |    20 ||    37
         Brothers in Arms  |       |       |       |       |     5 ||     5
    Use: Scroll            |     5 |     5 |     4 |    12 |     3 ||    29
         Potion            |       |     4 |       |     1 |     5 ||    10
   Stab: Distracted        |       |       |       |       |     1 ||     1
 Armour: Animal skin       |    49 |       |       |       |       ||    49
         Chain mail        |    13 |   222 |   285 |   317 |       ||   837
         Ring mail         |     3 |       |       |       |       ||     3
         Skin              |       |    14 |       |       |       ||    14
         Plate armour      |       |       |       |   348 |   808 ||  1156
  Dodge: Dodged            |    58 |   112 |   319 |   730 |   346 ||  1565
  Block: Buckler           |       |       |       |    38 |   176 ||   214

Table legend: (Time is in decaauts)
 A = Elapsed time spent in this place.
 B = Non-inter-level travel time spent in this place.
 C = Inter-level travel time spent in this place.
 D = Time resting spent in this place.
 E = Time spent auto-exploring this place.
 F = Levels seen in this place.
 G = Mean time per level.
                   A        B        C        D        E       F      G
               +--------+--------+--------+--------+--------+-----+--------+
         Total |  19703 |  18923 |    780 |   1588 |  12760 |  20 |  985.2 |
       Dungeon |  12702 |  12113 |    589 |   1011 |   8062 |  13 |  977.1 |
          Lair |   6642 |   6452 |    190 |    571 |   4525 |   5 | 1328.4 |
         Abyss |    359 |    359 |      0 |      5 |    172 |   2 |  179.5 |
               +--------+--------+--------+--------+--------+-----+--------+

Top non-repeatable levels by time:
  Lair:5: 1951 daAuts
     D:8: 1760 daAuts
    D:10: 1656 daAuts
  Lair:1: 1443 daAuts
     D:5: 1436 daAuts
    D:12: 1313 daAuts
    D:11: 1245 daAuts
  Lair:4: 1230 daAuts
  Lair:2: 1015 daAuts
  Lair:3: 1001 daAuts
     D:3: 967 daAuts
     D:4: 922 daAuts
     D:7: 846 daAuts
     D:6: 735 daAuts
     D:2: 722 daAuts
